 Dungeon Crawl Stone Soup version 0.28-a0-474-g535839065c (webtiles) character file.

Game seed: 12839882641379092276

4908 lmSkywalker the Slicer (level 10, -3/84 HPs)
             Began as a Minotaur Fighter on Sept 15, 2021.
             Killed from afar by Erica (21 damage)
             ... with a bolt of poison
             ... on level 9 of the Dungeon.
             The game lasted 00:35:41 (9174 turns).

lmSkywalker the Slicer (Minotaur Fighter)           Turns: 9174, Time: 00:35:42

Health: -3/84      AC: 10    Str: 22    XL:     10   Next: 27%
Magic:  9/9        EV: 11    Int:  5    God:
Gold:   159        SH:  5    Dex: 12    Spells: 9/9 levels left

rFire   + . .      SeeInvis .   B - +1 scimitar (elec)
rCold   + . .      Faith    .   c - +0 buckler
rNeg    . . .      Spirit   .   G - +1 scale mail {rC+}
rPois   .          Reflect  .   (helmet restricted)
rElec   .          Harm     .   (no cloak)
rCorr   .          Rampage  .   (no gloves)
Will    .....                   f - +0 pair of boots
Stlth   ..........              k - amulet of regeneration
HPRegen 1.24/turn               r - ring of protection from fire
MPRegen 0.11/turn               (no ring)

@: lethally poisoned (-3 -> -18), slowed, very slow
A: horns 2, retaliatory headbutt
a: no special abilities


You were on level 9 of the Dungeon.
You visited 2 branches of the dungeon, and saw 10 of its levels.
You also visited: Ossuary.

You collected 397 gold pieces.
You spent 238 gold pieces at shops.

Inventory:

Hand Weapons
 B - a +1 scimitar of electrocution (weapon)
Missiles
 z - 4 boomerangs of dispersal
 D - 8 boomerangs (quivered)
Armour
 c - a +0 buckler (worn)
 f - a +0 pair of boots (worn)
 G - a +1 scale mail of cold resistance (worn)
Jewellery
 k - an amulet of regeneration (around neck)
 r - a ring of protection from fire (left hand)
Wands
 H - a wand of acid (8)
Scrolls
 h - 5 scrolls of identify
 i - a scroll of brand weapon {unknown}
 j - 7 scrolls of teleportation
 l - 2 scrolls of noise
 n - 6 scrolls of enchant weapon
 o - 2 scrolls of vulnerability {unknown}
 s - 3 scrolls of fear
 w - a scroll of magic mapping {unknown}
 x - a scroll of holy word {unknown}
 y - 5 scrolls of fog
 C - a scroll of amnesia {unknown}
Potions
 d - 2 potions of might
 e - 5 potions of invisibility
 g - 3 potions of lignification
 p - 2 potions of heal wounds
 t - a potion of cancellation
 u - a potion of mutation
 v - 3 potions of curing
 A - 2 potions of resistance
 E - 3 potions of flight
 F - a potion of haste
Miscellaneous
 a - a tin of tremorstones (1/2)
 q - a piece from Xom's chessboard (15/15)


   Skills:
 + Level 6.6 Fighting
 - Level 11.6(12.0) Short Blades
 + Level 5.3(9.8) Long Blades
 - Level 6.3 Axes
 + Level 6.6 Armour
 + Level 4.8 Dodging
 - Level 4.0 Shields


You had 9 spell levels left.
You didn't know any spells.
Your spell library contained the following spells:

 Spells                   Type           Power      Damage    Failure   Level
 Magic Dart               Conj           0%         1d3       77%         1
 Sting                    Tmut/Pois      0%         1d3       77%         1
 Call Imp                 Summ           0%         N/A       88%         2
 Ensorcelled Hibernation  Hex/Ice        0%         N/A       88%         2
 Poisonous Vapours        Pois/Air       0%         N/A       88%         2
 Gell's Gravitas          Tloc           0%         N/A       98%         3
 Lesser Beckoning         Tloc           0%         N/A       98%         3
 Mephitic Cloud           Conj/Pois/Air  0%         N/A       98%         3
 Teleport Other           Tloc           0%         N/A       98%         3
 Tukima's Dance           Hex            0%         N/A       98%         3
 Olgreb's Toxic Radiance  Pois           0%         N/A       100%        4
 Borgnjor's Revivificati  Necr           0%         N/A       100%        8
 Necromutation            Tmut/Necr      0%         N/A       100%        8
 Death's Door             Necr           0%         N/A       100%        9


Dungeon Overview and Level Annotations

Branches:
Dungeon (9/15)             Temple (1/1) D:5         Ossuary (visited)
   Lair: D:8-11         Orc: D:9-12

Altars:
Ashenzari
Cheibriados
Dithmenos
Elyvilon
Fedhas
Gozag
Hepliaklqana
Kikubaaqudgha
Makhleb
Okawaru
Qazlal
Ru
Sif Muna
Uskayaw
Vehumet
Wu Jian
Xom
Yredelemnul
Zin
The Shining One

Shops:
D:1 (

Annotations:
D:3 2 transporters
D:7 1 runed translucent door, Crazy Yiuf
D:9 Erica


Innate Abilities, Weirdness & Mutations

You have a pair of horns on your head.
You reflexively headbutt those who attack you in melee.


Message History

You closely miss Erica. Your headbutt misses Erica.
Erica is lightly wounded.
You slice Erica!! Lightning courses through Erica!
Erica is heavily wounded.
Erica points at you and mumbles some strange words.
You feel yourself slow down.
You slash Erica! You headbutt Erica.
Erica is severely wounded.
Erica screams, "Hurry, death AWAITS you!"
Erica casts a spell at you. You resist with significant effort.
Erica points at you and mumbles some strange words.
You are confused.
You hit Erica. Your headbutt misses Erica.
Erica is almost dead.
Erica barely misses you.
You're too confused to move!
Erica points at you and mumbles some strange words.
The lance of force hits you!
You are knocked back by the lance of force.
You slam into the rock wall!
Erica hits you but does no damage.
You miss Erica.
Erica is almost dead.
Erica hits you with a +3 scimitar of flaming!
Erica burns you.
You bump into the rock wall.
Erica casts a spell at you. The bolt of poison hits you.
You are poisoned.
You bump into the rock wall.
You feel less confused.
You feel very sick.
Erica hits you with a +3 scimitar of flaming!
* * * LOW HITPOINT WARNING * * *
Erica burns you.
* * * LOW HITPOINT WARNING * * *
Erica gestures at you while chanting. The bolt of poison hits you!!
You are more poisoned.
You die...

#.######
#......#
######.####
#....#
####.#
#######'###
...#.....#
#.###.###
#.@.#...#
#@#.###.#
...#.....#
######+####


You could see Erica.

Vanquished Creatures
  A two-headed ogre (D:8)
  Pikel (D:8)
  Prince Ribbit (D:7)
  Sigmund (D:3)
  4 humans (D:6)
  2 wraiths
  Menkaure (D:7)
  A water moccasin (D:7)
  An orc warrior (D:6)
  A black bear (D:7)
  5 ogres
  2 necrophages
  2 centaurs (D:7)
  2 phantoms (D:5)
  A lemure (D:8)
  A wyvern zombie (D:7)
  A scorpion (D:7)
  2 bullfrogs
  5 wights (D:8)
  A bullfrog zombie (D:5)
  2 jellies
  7 hounds
  A centaur zombie (D:5)
  An orc priest (D:6)
  2 centaur skeletons
  A bullfrog skeleton (D:5)
  3 iguanas (D:6)
  An orc wizard (D:4)
  A scorpion zombie (D:4)
  A killer bee zombie (D:6)
  A hound zombie (D:4)
  A mummy (Ossuary)
  A howler monkey zombie (D:7)
  9 adders
  A shadow imp (D:6)
  An adder skeleton (D:4)
  3 worms
  5 dart slugs
  26 orcs
  5 bats
  8 endoplasms
  5 giant cockroaches
  5 goblins
  3 hobgoblins
  12 jackals
  11 kobolds
  7 quokkas
  14 ball pythons
  4 frilled lizards
  6 gnoll skeletons (Ossuary)
  7 kobold skeletons (Ossuary)
  12 orc skeletons (Ossuary)
  6 rats
209 creatures vanquished.

Vanquished Creatures (others)
  5 plants (D:2)
5 creatures vanquished.

Grand Total: 214 creatures vanquished

Notes
Turn   | Place    | Note
-------+----------+-------------------------------------------
     0 | D:1      | lmSkywalker the Minotaur Fighter began the quest for the
                  | Orb.
     0 | D:1      | Reached XP level 1. HP: 19/19 MP: 0/0
    68 | D:1      | Reached XP level 2. HP: 22/26 MP: 1/1
   251 | D:1      | Found Ydyoh's Weapon Shoppe.
   273 | D:1      | Reached XP level 3. HP: 30/31 MP: 2/2
   441 | D:1      | Found a faded altar of an unknown god.
   707 | D:2      | Reached skill level 5 in Axes
   808 | D:2      | Reached XP level 4. HP: 39/39 MP: 3/3
  1990 | D:3      | Reached XP level 5. HP: 45/45 MP: 4/4
  2065 | D:3      | Found a transporter.
  2071 | D:3      | Found a transporter.
  2080 | D:3      | Found an iron altar of Okawaru.
  2094 | D:3      | Noticed Sigmund
  2151 | D:2      | Reached skill level 1 in Short Blades
  2328 | D:3      | Reached skill level 2 in Short Blades
  2619 | D:4      | Found a shimmering altar of Xom.
  2665 | D:3      | You fall into a shaft and drop 1 floor!
  2787 | D:4      | Reached skill level 3 in Short Blades
  2787 | D:4      | Reached XP level 6. HP: 51/51 MP: 5/5
  2912 | D:4      | Reached skill level 4 in Short Blades
  3092 | D:4      | Reached skill level 5 in Short Blades
  3147 | D:4      | Reached XP level 7. HP: 57/57 MP: 6/6
  3352 | D:5      | Entered Level 5 of the Dungeon
  3517 | D:5      | Reached skill level 6 in Short Blades
  3666 | D:5      | Found a staircase to the Ecumenical Temple.
  3691 | Temple   | Entered the Ecumenical Temple
  3893 | Temple   | Became a worshipper of Elyvilon the Healer
  3897 | Temple   | Fell from the grace of Elyvilon
  4128 | D:5      | Noticed a wraith
  4148 | D:5      | Reached skill level 7 in Short Blades
  4172 | D:5      | Killed a wraith
  4173 | D:5      | Reached skill level 8 in Short Blades
  4173 | D:5      | Reached XP level 8. HP: 42/64 MP: 7/7
  4256 | D:5      | Reached skill level 9 in Short Blades
  4892 | D:6      | Reached skill level 10 in Short Blades
  5071 | D:6      | Reached skill level 11 in Short Blades
  5095 | D:6      | Reached XP level 9. HP: 70/70 MP: 8/8
  5327 | D:6      | Found a radiant altar of Vehumet.
  5965 | D:1      | Bought a +1 scimitar of electrocution for 238 gold pieces
  6057 | D:3      | Killed Sigmund
  6058 | D:3      | Reached skill level 1 in Long Blades
  6058 | D:3      | Reached skill level 1 in Dodging
  7180 | D:7      | Noticed Prince Ribbit
  7188 | D:7      | Reached skill level 5 in Armour
  7257 | D:7      | Reached skill level 5 in Fighting
  7332 | D:7      | Noticed Menkaure
  7350 | D:8      | Noticed Pikel
  7358 | D:8      | Killed Pikel
  7394 | D:7      | Killed Menkaure
  7431 | D:7      | Found a runed translucent door.
  7432 | D:7      | Noticed Crazy Yiuf
  7746 | D:7      | Killed Prince Ribbit
  7747 | D:7      | Reached XP level 10. HP: 64/83 MP: 9/9
  7926 | D:8      | Found a sand-covered staircase.
  7935 | Ossuary  | Entered an ossuary
  8402 | D:8      | Noticed a two-headed ogre
  8818 | D:8      | Found a glowing silver altar of Zin.
  8859 | D:8      | Killed a two-headed ogre
  8860 | D:8      | Reached skill level 5 in Long Blades
  9165 | D:9      | Noticed Erica
  9174 | D:9      | Killed from afar by Erica

Illustrated notes

Levels and vault maps discovered:
D:1:      scummos_arrival_forest, layout_rooms, serial_shops,
          nicolae_shop_waterfront, chequers_ecumenical_altar_simple
D:2:      minmay_general_purpose_star, layout_basic, serial_forest,
          infiniplex_forest_clump_large, infiniplex_forest_lined_3_way,
          infiniplex_forest_clump_curved, infiniplex_forest_clump_C,
          infiniplex_forest_end_2, infiniplex_forest_straight_2,
          infiniplex_forest_zigzag_1, infiniplex_forest_lined_room_3,
          infiniplex_forest_lined_2, minmay_quadrilaterals
D:3:      layout_basic, gammafunk_temple_overflow_arena, uniq_sigmund
D:4:      minmay_evil_eye, layout_rooms, xom_butterflies
D:5:      minmay_diamond_boxcup, layout_basic, minmay_temple_entry_sparse_star
D:6:      layout_gridville, mainiacjoe_overflow_surrounded_room, minmay_ruffians
D:7:      layout_basic, lemuel_old_faithful, uniq_prince_ribbit1,
          uniq_crazy_yiuf_cottage, uniq_menkaure
D:8:      layout_loops_ring, zin_statuary, nicolae_ossuary_entry_monument,
          uniq_pikel
D:9:      layout_roguey, david_lair_shrubbed, grunt_ministairs_13,
          kennysheep_generic_room_11, uniq_joseph, uniq_erica
Temple:   nicolae_temple_elliptical

Skill      XL: |  1  2  3  4  5  6  7  8  9 10 |
---------------+-------------------------------+-----
Axes           | 3 4 5 6 |  6.3
Short Blades   | 3 5 8 11 | 11.6
Shields        | 4 |  4.0
Fighting       | 6 |  6.6
Long Blades    | 4 5 |  5.3
Armour         | 6 |  6.6
Dodging        | 4 |  4.8

Action                   |  1- 3 |  4- 6 |  7- 9 | 10-12 || total
-------------------------+-------+-------+-------+-------++-------
Melee: War axe           |    81 |    58 |       |       ||   139
       Headbutt          |    10 |    38 |    74 |     8 ||   130
       Short sword       |       |   116 |   273 |       ||   389
       Scimitar          |       |       |   100 |    63 ||   163
Throw: Boomerang         |       |       |       |     4 ||     4
Invok: Renounce Religion |       |       |     1 |       ||     1
Evoke: Wand              |       |       |       |     1 ||     1
       Piece from Xom's  |       |       |       |     1 ||     1
       Tin of tremorston |       |       |       |     1 ||     1
  Use: Scroll            |       |       |     6 |     7 ||    13
       Potion            |       |       |     1 |       ||     1
 Stab: Invisible         |       |       |     1 |       ||     1
Armor: Scale mail        |    51 |    68 |    80 |    17 ||   216
Dodge: Dodged            |    48 |    72 |   109 |    13 ||   242
Block: Buckler           |    21 |    30 |    56 |     6 ||   113

Table legend: (Time is in decaauts)
 A = Elapsed time spent in this place.
 B = Non-inter-level travel time spent in this place.
 C = Inter-level travel time spent in this place.
 D = Time resting spent in this place.
 E = Time spent auto-exploring this place.
 F = Levels seen in this place.
 G = Mean time per level.
                   A        B        C        D        E       F      G
               +--------+--------+--------+--------+--------+-----+--------+
         Total |   9131 |   8458 |    673 |    375 |   5026 |  11 |  830.1 |
       Dungeon |   8468 |   7825 |    643 |    256 |   4908 |   9 |  940.9 |
        Temple |    214 |    184 |     30 |      0 |    118 |   1 |  214.0 |
       Ossuary |    448 |    448 |      0 |    119 |      0 |   1 |  448.0 |
               +--------+--------+--------+--------+--------+-----+--------+

Top non-repeatable levels by time:
     D:2: 1501 daAuts
     D:3: 1277 daAuts
     D:7: 1171 daAuts
     D:6: 1148 daAuts
     D:5: 1146 daAuts
     D:8: 794 daAuts
     D:4: 714 daAuts
     D:1: 672 daAuts
 Ossuary: 448 daAuts
  Temple: 214 daAuts
     D:9: 42 daAuts
